 Dungeon Crawl Stone Soup version 0.30-a0-5-g3a90980b9d (webtiles) character file.

Game seed: 16831333817436173324

3 BritishOli the Trooper (level 1, -1/18 HPs)
             Began as a Demonspawn Fighter on Aug 22, 2022.
             Slain by a quokka (3 damage)
             ... on level 1 of the Dungeon.
             The game lasted 00:00:44 (161 turns).

BritishOli the Trooper (Demonspawn Fighter)          Turns: 161, Time: 00:00:45

Health: -1/18      AC:  6    Str: 16    XL:     1   Next: 41%
Magic:  1/1        EV:  8    Int:  9    God:
Gold:   23         SH:  4    Dex: 12    Spells: 0/0 levels left

rFire   . . .      SeeInvis .    a - +0 long sword
rCold   . . .      Faith    .    c - +0 buckler
rNeg    . . .      Spirit   .    b - +0 scale mail
rPois   .          Reflect  .    (no helmet)
rElec   .          Harm     .    (no cloak)
rCorr   .          Rampage  .    (no gloves)
Will    .....                    (no boots)
Stlth   ..........               (no amulet)
HPRegen 0.06/turn                (no ring)
MPRegen 0.07/turn                (no ring)

@: no status effects
A: no striking features
a: no special abilities


You were on level 1 of the Dungeon.
You visited 1 branch of the dungeon, and saw 1 of its levels.

You collected 23 gold pieces.

Inventory:

Hand Weapons
 a - a +0 long sword (weapon)
Armour
 b - a +0 scale mail (worn)
 c - a +0 buckler (worn)
Scrolls
 e - a scroll of teleportation {unknown}
Potions
 d - 3 potions of might


   Skills:
 + Level 3.0 Fighting
 + Level 1.8 Long Blades
 + Level 2.7 Armour
 + Level 2.7 Shields


You couldn't memorise any spells.
You didn't know any spells.
Your spell library was empty.

Dungeon Overview and Level Annotations

Branches:
Dungeon (1/15)

Altars:


Message History

You are too injured to fight recklessly!
There are monsters nearby!
You are too injured to fight recklessly!
There are monsters nearby!
You are too injured to fight recklessly!
There are monsters nearby!
You are too injured to fight recklessly!
There are monsters nearby!
You are too injured to fight recklessly!
There are monsters nearby!
You are too injured to fight recklessly!
There are monsters nearby!
You are too injured to fight recklessly!
You barely miss the quokka.
The quokka is moderately wounded.
The jackal barely misses you. The quokka bites you.
* * * LOW HITPOINT WARNING * * *
The jackal completely misses you.
You completely miss the quokka.
The quokka is moderately wounded.
The quokka bites you but does no damage.
The jackal bites you but does no damage.
The quokka bites you.
* * * LOW HITPOINT WARNING * * *
The jackal barely misses you.
You see here a bat corpse.
You closely miss the quokka.
The quokka is moderately wounded.
The quokka barely misses you. The quokka bites you.
* * * LOW HITPOINT WARNING * * *
You closely miss the quokka.
The quokka is moderately wounded.
The quokka barely misses you. You block the quokka's attack.
You miss the quokka.
The quokka bites you but does no damage.
You closely miss the quokka. The quokka barely misses you.
The quokka bites you but does no damage.
You closely miss the quokka. You block the quokka's attack.
You miss the quokka. The quokka bites you.
You die...

#.# #.# ..########.#
#.##
....[......#######...
#...#####...........#.
.... #.#.#######... #
...#####.#.# #..# #.
#..#.......# #..#
..#..#.###.#.# #>.#
#...#@# #.#.# #..#
#..#r##....# #..#
#.h)h......# #...
#......#...##
.....#>......... #...
.....##.### ..#
####.## # . #.# #.#


You could see a quokka and a jackal.

Vanquished Creatures
  A bat (D:1)
  2 kobolds (D:1)
3 creatures vanquished.

Notes
Turn   | Place    | Note
-------+----------+-------------------------------------------
     0 | D:1      | BritishOli the Demonspawn Fighter began the quest for the
                  | Orb.
     0 | D:1      | Reached XP level 1. HP: 18/18 MP: 1/1
   161 | D:1      | Slain by a quokka

Illustrated notes

Levels and vault maps discovered:
D:1:      psy_arrival_dodecagon, layout_loops_ring,
          hellmonk_ecumenical_altar_crossroads, minmay_ruptured

Action                   || total
-------------------------++-------
Melee: Long sword        ||    23
Armor: Scale mail        ||    15
Dodge: Dodged            ||    15
Block: Buckler           ||     5

Table legend: (Time is in decaauts)
 A = Elapsed time spent in this place.
 B = Non-inter-level travel time spent in this place.
 C = Inter-level travel time spent in this place.
 D = Time resting spent in this place.
 E = Time spent auto-exploring this place.
 F = Levels seen in this place.
 G = Mean time per level.
                   A        B        C        D        E       F      G
               +--------+--------+--------+--------+--------+-----+--------+
         Total |    169 |    169 |      0 |      0 |    124 |   1 |  169.0 |
       Dungeon |    169 |    169 |      0 |      0 |    124 |   1 |  169.0 |
               +--------+--------+--------+--------+--------+-----+--------+

Top non-repeatable levels by time:
     D:1: 169 daAuts
